 Dungeon Crawl Stone Soup version 0.27.1-3-gb3d3a73c9e (webtiles) character file.

Game seed: 6875236598558732339

6152 styxcanada the Covert (level 10, 0/49 HPs)
             Began as a Spriggan Brigand on Oct 8, 2021.
             Was an Initiate of Gozag.
             Shot with an arrow by a centaur (9 damage)
             ... on level 9 of the Dungeon on Oct 10, 2021.
             The game lasted 00:51:29 (9415 turns).

styxcanada the Covert (Spriggan Brigand)            Turns: 9415, Time: 00:51:30

Health: 0/49       AC:  4    Str:  7    XL:     10   Next: 59%
Magic:  19/19      EV: 23    Int: 12    God:    Gozag
Gold:   1268       SH: 12    Dex: 21    Spells: 11/19 levels left

rFire    . . .     SeeInvis +   a - +2 dagger (venom)
rCold    . . .     Faith    .   l - +0 buckler
rNeg     . . .     Spirit   .   b - +0 robe
rPois    .         Reflect  +   (helmet restricted)
rElec    .         Harm     .   c - +1 cloak
rCorr    .         Rampage  .   (gloves unavailable)
Will     +....                  (boots unavailable)
Stlth    ++++++....             r - amulet of reflection
HPRegen  0.16/turn              z - +4 ring of slaying
MPRegen  0.16/turn              s - ring of wizardry

@: gold aura, very quick
A: very small, no large weapons, unfitting armour, see invisible, speed 3
a: Renounce Religion, Potion Petition, Call Merchant, Bribe Branch


You were on level 9 of the Dungeon.
You worshipped Gozag.
Gozag was most pleased with you.
You visited 2 branches of the dungeon, and saw 10 of its levels.

You collected 1294 gold pieces.
You paid 26 gold pieces to Gozag.

Inventory:

Hand Weapons
 a - a +2 dagger of venom (weapon)
 e - a +2 dagger of draining
Missiles
 f - 299 stones (quivered)
 q - a poisoned dart
 v - 3 atropa-tipped darts
 A - 7 curare-tipped darts
 C - 9 boomerangs
Armour
 b - a +0 robe (worn)
 c - a +1 cloak (worn)
 l - a +0 buckler (worn)
Magical Staves
 p - a staff of conjuration
Jewellery
 i - a ring of positive energy
 j - an amulet of the acrobat
 n - an amulet of magic regeneration
 r - an amulet of reflection (around neck)
 s - a ring of wizardry (right hand)
 x - a ring of willpower
 z - a +4 ring of slaying (left hand)
 H - a ring of protection from cold
Wands
 E - a wand of flame (18)
Scrolls
 d - 2 scrolls of fog
 g - 4 scrolls of amnesia
 h - 3 scrolls of blinking
 w - a scroll of enchant armour
 y - a scroll of fear
 D - a scroll of magic mapping
Potions
 k - a potion of magic
 m - 2 potions of invisibility
 o - a potion of curing
 t - a potion of mutation
 u - 3 potions of brilliance
 B - a potion of resistance
 F - a potion of might {unknown}


   Skills:
 + Level 3.5 Fighting
 + Level 5.2 Short Blades
 + Level 4.7 Throwing
 * Level 7.6 Dodging
 * Level 12.5 Stealth
 * Level 3.3 Shields
 * Level 5.3 Spellcasting
 * Level 2.7 Conjurations
 * Level 1.3 Hexes
 * Level 2.8 Fire Magic
 * Level 1.4 Ice Magic
 * Level 2.6 Air Magic
 * Level 3.1 Poison Magic
 * Level 4.6 Evocations


You had 11 spell levels left.
You knew the following spells:

 Your Spells              Type           Power      Damage    Failure   Level
a - Foxfire               Conj/Fire      36%        2x1d5     3%          1
b - Conjure Flame         Conj/Fire      9%         6-21      10%         3
c - Poisonous Vapours     Pois/Air       20%        N/A       4%          2
d - Ensorcelled Hibernat  Hex/Ice        12%        N/A       9%          2

Your spell library contained the following spells:

 Spells                   Type           Power      Damage    Failure   Level
 Searing Ray              Conj           18%        3d3       5%          2
 Corpse Rot               Necr/Air       N/A        N/A       9%          2
 Inner Flame              Hex/Fire       8%         N/A       13%         3
 Sublimation of Blood     Necr           1%         N/A       16%         2
 Wereblood                Tmut           3%         N/A       16%         2
 Stone Arrow              Conj/Erth      12%        3d7       17%         3
 Animate Armour           Summ/Erth      6%         N/A       65%         4
 Freezing Cloud           Conj/Ice/Air   4%         6-21      69%         5
 Simulacrum               Ice/Necr       2%         N/A       100%        6
 Summon Hydra             Summ           1%         N/A       100%        7
 Lehudib's Crystal Spear  Conj/Erth      3%         10d2      100%        8


Dungeon Overview and Level Annotations

Branches:
Dungeon (9/15)             Temple (1/1) D:4
   Lair: D:8-11         Orc: D:9-12

Altars:
Ashenzari
Cheibriados
Dithmenos
Elyvilon
Fedhas
Gozag
Hepliaklqana
Kikubaaqudgha
Makhleb
Okawaru
Qazlal
Ru
Sif Muna
Uskayaw
Vehumet
Wu Jian
Yredelemnul
Zin
The Shining One

Annotations:
D:9 exclusion: orange crystal statue


Innate Abilities, Weirdness & Mutations

You are very small and have problems with some larger weapons.
You are too small for most types of armour.
You have supernaturally acute eyesight. (SInv)
You cover ground extremely quickly. (Speed+++)


Message History

The iceblast engulfs the wight!
The wight partially resists.
The wight is severely damaged.
You puncture the yak!
The yak is heavily wounded.
You puncture the yak!
The yak is poisoned.
The yak is heavily wounded.
You block the yak's attack.
The wight hits you with a +4 falchion of freezing.
The wight freezes you.
You hit the wight but do no damage.
The wight is moderately damaged.
The yak gores you! You block the wight's attack.
Unknown command.
You barely miss the wight.
The wight is moderately damaged.
The yak gores you!
* * * LOW HITPOINT WARNING * * *
Okay, then.
You kill the yak!
The centaur shoots an arrow.
The arrow closely misses you.
The wight is distracted by your dazzling golden aura.
Aiming: Iceblast
Press: ? - help, Shift-Dir - straight line, f - wight, p - yak
Aim: a wight, wielding a +4 falchion of freezing and wearing a +0 robe (moderately damaged)
The mass of ice explodes!
The iceblast engulfs the wight!
The wight partially resists.
The wight is almost destroyed.
The iceblast engulfs the water moccasin!
The water moccasin is moderately wounded.
The iceblast engulfs the yak!
You kill the yak!
The now-empty wand crumbles to dust.
You hear an angry buzzing noise.
The wight is distracted by your dazzling golden aura.
The centaur shoots an arrow.
The arrow closely misses you.
Your Short Blades skill increases to level 5!
The wight is no longer distracted by gold.
The centaur shoots an arrow.
The arrow hits you!
You die...
Your body crumbles into a pile of gold.

#...($.Y.###$......#...#
...........$.........# #
........Y#Y..........# .####.
.........#.z........## ##...#..
.........##cz..z$...###... ...
................#.....)...########.#
...........)..).# .#
#.......#)......## #.#
#..............## ..##
##.....#......## ##.##.
#...........#.# #Y.##.
#.........###.#### ###.###.


You could see a yak, a water moccasin, a centaur and 3 wights.

Vanquished Creatures
  2 two-headed ogres
  Pikel (D:4)
  Grinder (D:6)
  8 yaks
  A shadow (D:9)
  A steam dragon (D:7)
  A wyvern (D:7)
  2 vampire mosquitoes (D:8)
  A water moccasin (D:9)
  2 sky beasts
  2 black bears
  An ice beast (D:3)
  A necrophage (D:7)
  3 ogres
  3 centaurs
  A lemure (D:4)
  A phantom (D:6)
  A kobold brigand (D:8)
  5 scorpions
  A wyvern skeleton (D:6)
  2 howler monkeys
  A bullfrog zombie (D:7)
  2 centaur zombies (D:8)
  A jelly (D:7)
  An orc priest (D:5)
  2 centaur skeletons
  A gnoll shaman (D:7)
  Jessica (D:3)
  8 orc wizards
  A hound zombie (D:5)
  A hound skeleton (D:4)
  7 gnolls
  6 adders
  A howler monkey skeleton (D:4)
  A shadow imp (D:6)
  A white imp (D:7)
  4 dart slugs
  23 orcs
  6 ball pythons
  6 bats
  5 endoplasms
  3 giant cockroaches
  3 hobgoblins
  3 jackals (D:1)
  14 kobolds
  2 quokkas
  2 frilled lizards
  9 goblins
  5 rats
161 creatures vanquished.

Vanquished Creatures (others)
  47 foxfires
  4 plants (D:4)
51 creatures vanquished.

Grand Total: 212 creatures vanquished

Notes
Turn   | Place    | Note
-------+----------+-------------------------------------------
     0 | D:1      | styxcanada the Spriggan Brigand began the quest for the
                  | Orb.
     0 | D:1      | Reached XP level 1. HP: 10/10 MP: 2/2
   149 | D:1      | Reached skill level 6 in Stealth
   448 | D:1      | Found a faded altar of an unknown god.
   454 | D:1      | Reached XP level 2. HP: 10/14 MP: 3/3
  1226 | D:2      | Reached XP level 3. HP: 18/18 MP: 4/4
  1336 | D:2      | Reached skill level 7 in Stealth
  1616 | D:2      | Reached XP level 4. HP: 23/23 MP: 5/5
  2417 | D:3      | Noticed a scorpion
  2493 | D:3      | Killed a scorpion
  2494 | D:3      | Reached XP level 5. HP: 26/26 MP: 5/7
  2629 | D:3      | Noticed Jessica
  2649 | D:3      | Killed Jessica
  2650 | D:3      | Reached skill level 1 in Spellcasting
  2935 | D:3      | Noticed an ice beast
  2938 | D:3      | Killed an ice beast
  2939 | D:3      | Reached skill level 8 in Stealth
  2939 | D:3      | Reached skill level 1 in Shields
  2939 | D:3      | Reached XP level 6. HP: 30/30 MP: 7/9
  3013 | D:4      | Noticed Pikel
  3013 | D:4      | Found a staircase to the Ecumenical Temple.
  3115 | D:4      | Killed Pikel
  3116 | D:4      | Reached skill level 9 in Stealth
  3116 | D:4      | Reached XP level 7. HP: 35/35 MP: 9/12
  3132 | Temple   | Entered the Ecumenical Temple
  3180 | Temple   | Became a worshipper of Gozag Ym Sagoz the Greedy
  3467 | D:4      | Found a glowing golden altar of the Shining One.
  3685 | D:4      | Found a burning altar of Makhleb.
  3860 | D:4      | Found an iron altar of Okawaru.
  3996 | D:4      | Learned a level 1 spell: Foxfire
  4007 | D:5      | Entered Level 5 of the Dungeon
  4107 | D:5      | Found a snail-covered altar of Cheibriados.
  4402 | D:5      | Reached XP level 8. HP: 39/39 MP: 13/13
  4530 | D:5      | Reached skill level 5 in Dodging
  4702 | D:5      | Found a hazy altar of Hepliaklqana.
  5124 | D:6      | Noticed Grinder
  5132 | D:6      | Paralysed by Grinder for 7 turns
  5169 | D:6      | Paralysed by Grinder for 5 turns
  5223 | D:6      | Killed Grinder
  5224 | D:6      | Reached skill level 10 in Stealth
  5224 | D:6      | Reached skill level 1 in Fire Magic
  5224 | D:6      | Reached skill level 1 in Evocations
  5731 | D:6      | Found a broken altar of Ashenzari.
  5733 | D:6      | Reached skill level 1 in Conjurations
  5745 | D:6      | Found an ornate altar of the Wu Jian Council.
  6220 | D:6      | Learned a level 3 spell: Conjure Flame
  6570 | D:7      | Found a hide-covered altar of Uskayaw.
  6596 | D:7      | Learned a level 2 spell: Poisonous Vapours
  6619 | D:7      | Reached XP level 9. HP: 22/44 MP: 16/16
  6933 | D:7      | Reached skill level 11 in Stealth
  6933 | D:7      | Reached skill level 1 in Poison Magic
  6973 | D:7      | Reached skill level 1 in Air Magic
  7441 | D:7      | Found a blossoming altar of Fedhas.
  7675 | D:8      | Noticed a two-headed ogre
  7682 | D:8      | Killed a two-headed ogre
  7683 | D:8      | Reached skill level 5 in Spellcasting
  7700 | D:8      | Found a radiant altar of Vehumet.
  7731 | D:8      | Reached XP level 10. HP: 45/49 MP: 15/18
  7782 | D:8      | Found an ancient bone altar of Kikubaaqudgha.
  8264 | D:8      | Got the Grimoire of Lethal Ice
  8309 | D:8      | Reached skill level 12 in Stealth
  8462 | D:8      | Learned a level 2 spell: Ensorcelled Hibernation
  8473 | D:8      | Found a sacrificial altar of Ru.
  8560 | D:8      | Found a shimmering blue altar of Sif Muna.
  9009 | D:9      | Noticed an orange crystal statue
  9053 | D:9      | Noticed a two-headed ogre
  9100 | D:9      | Killed a two-headed ogre
  9101 | D:9      | Reached skill level 1 in Hexes
  9103 | D:9      | Reached skill level 1 in Ice Magic
  9415 | D:9      | Reached skill level 5 in Short Blades
  9415 | D:9      | Shot with an arrow by a centaur

Illustrated notes

Levels and vault maps discovered:
D:1:      dpeg_arrival_short_road, layout_loops_ring,
          ebering_ecumenical_altar_box, minmay_misc_feat_rugged
D:2:      layout_basic, grunt_ministairs_8, uniq_robin
D:3:      layout_rooms, uniq_jessica
D:4:      layout_rooms, tso_metal_star, okawaru_altar_gauntlet_db,
          mainiacjoe_overflow_surrounded_room, minmay_temple_entry_overgrown,
          uniq_pikel
D:5:      layout_loops_corners, nzn_hepliaklqana_mist_gate,
          mainiacjoe_overflow_catwalk
D:6:      layout_cave_pools, old_standard_altar, mainiacjoe_overflow_boulevard,
          minmay_holes, ebering_dispersal_statue_hall, grunt_decor_clamped,
          uniq_grinder
D:7:      layout_rooms, amcnicky_altar_gilded, kennysheep_little_box
D:8:      layout_rooms, mainiacjoe_overflow_alcove_1, led_sif_book,
          nicolae_ru_great_annihilating_truth, vehumet_altar_wand_db,
          serial_co_window_serial, co_window_corner_a, co_window_corner_a,
          co_window_paths_b, co_window_paths_b, co_window_corner_a,
          co_window_paths_b, co_window_paths_b, co_window_of_opportunity_b,
          co_window_corner_b, co_window_broadway_a, co_window_corner_cb,
          co_window_cross_4, co_window_of_opportunity_c, glass_columns_b,
          minmay_misc_feat_square
D:9:      layout_rooms, minivault_15, minmay_statues_item,
          hangedman_minor_gate_pass
Temple:   dpeg_three_leaves_temple

Skill      XL: |  1  2  3  4  5  6  7  8  9 10 |
---------------+-------------------------------+-----
Stealth        | 6 7 8 9 10 11 12 | 12.5
Dodging        | 2 3 4 5 6 7 |  7.6
Fighting       | 2 3 |  3.5
Spellcasting   | 1 2 3 4 5 |  5.3
Shields        | 1 2 3 |  3.3
Short Blades   | 3 4 5 |  5.2
Throwing       | 3 4 |  4.7
Fire Magic     | 1 2 |  2.8
Evocations     | 2 4 |  4.6
Conjurations   | 1 2 |  2.7
Poison Magic   | 2 3 |  3.1
Air Magic      | 1 2 |  2.6
Hexes          | 1 |  1.3
Ice Magic      | 1 |  1.4

Action                   |  1- 3 |  4- 6 |  7- 9 | 10-12 || total
-------------------------+-------+-------+-------+-------++-------
Melee: Dagger            |    68 |    64 |   286 |   102 ||   520
Throw: Dart              |    20 |    27 |    41 |     5 ||    93
       Stone             |     1 |     3 |     9 |     1 ||    14
       Throwing net      |       |     1 |     2 |       ||     3
 Cast: Foxfire           |       |       |    20 |     7 ||    27
       Poisonous Vapours |       |       |     5 |     6 ||    11
       Conjure Flame     |       |       |     5 |       ||     5
Evoke: Wand              |       |       |     5 |     9 ||    14
  Use: Scroll            |     4 |     1 |    11 |     3 ||    19
       Potion            |       |       |     1 |       ||     1
 Stab: Sleeping          |     6 |     7 |    15 |    11 ||    39
       Held in net/web   |       |       |     1 |       ||     1
       Distracted        |       |       |     3 |     3 ||     6
       Paralysed         |       |       |       |     1 ||     1
Armor: Robe              |     8 |     5 |    19 |     4 ||    36
Dodge: Dodged            |    39 |    40 |   183 |    69 ||   331
Block: Buckler           |     9 |    18 |    83 |    28 ||   138
